 Dungeon Crawl Stone Soup version 0.27.0-1-g7a089689b8 (webtiles) character file.

Game seed: 8640331222998314054

6448 Strat the Cleaver (level 10, -3/96 HPs)
             Began as a Deep Dwarf Fighter on Aug 9, 2021.
             Slain by a yak (4 damage)
             ... on level 8 of the Dungeon.
             The game lasted 00:17:37 (6164 turns).

Strat the Cleaver (Deep Dwarf Fighter)              Turns: 6164, Time: 00:17:37

Health: -3/96      AC: 19    Str: 23    XL:     10   Next: 67%
Magic:  5/5        EV:  7    Int:  9    God:
Gold:   530        SH:  0    Dex: 12    Spells: 9/9 levels left

rFire    . . .     SeeInvis .   w - +0 battleaxe
rCold    . . .     Faith    .   (shield currently unavailable)
rNeg     . . .     Spirit   .   y - +0 plate armour
rPois    .         Reflect  .   g - +2 helmet
rElec    .         Harm     .   (no cloak)
rCorr    .         Rampage  .   v - +0 pair of gloves
Will     +....                  (no boots)
Stlth    ..........             (no amulet)
HPRegen  0.00/turn              (no ring)
MPRegen  0.09/turn              (no ring)

@: no status effects
A: damage resistance, heal wounds, sense surroundings 2, no regeneration
a: Heal Wounds


You were on level 8 of the Dungeon.
You visited 2 branches of the dungeon, and saw 9 of its levels.

You collected 530 gold pieces.

Inventory:

Hand Weapons
 a - a +0 war axe
 w - a +0 battleaxe (weapon)
 x - a +0 morningstar
Missiles
 f - 215 stones (quivered)
 r - 3 throwing nets
Armour
 b - a +0 scale mail
 c - a +0 kite shield
 g - a +2 helmet (worn)
 h - a +0 chain mail
 v - a +0 pair of gloves (worn)
 y - a +0 plate armour (worn)
Jewellery
 t - a ring of magical power
Wands
 i - a wand of mindburst (4)
 k - a wand of flame (25)
 s - a wand of digging (6)
Scrolls
 q - a scroll of acquirement {unknown}
 u - a scroll of identify
 z - a scroll of enchant weapon {unknown}
Potions
 d - 3 potions of might
 e - 5 potions of flight
 j - 3 potions of lignification
 l - 2 potions of curing {unknown}
 m - a potion of brilliance {unknown}
 n - 3 potions of haste {unknown}
 o - a potion of degeneration {unknown}
 p - 2 potions of heal wounds {unknown}
 A - a potion of magic {unknown}


   Skills:
 + Level 8.0 Fighting
 * Level 12.5 Axes
 + Level 9.5 Armour
 - Level 3.2 Shields


You had 9 spell levels left.
You didn't know any spells.
Your spell library contained the following spells:

 Spells                   Type           Power      Damage    Failure   Level
 Static Discharge         Conj/Air       0%         N/A       100%        2
 Lightning Bolt           Conj/Air       0%         1d11      100%        5
 Maxwell's Capacitive Co  Air            0%         ∞         100%        8


Dungeon Overview and Level Annotations

Branches:
Dungeon (8/15)             Temple (1/1) D:4            Lair (0/6) D:8

Altars:
Ashenzari
Cheibriados
Dithmenos
Elyvilon
Fedhas
Gozag
Hepliaklqana
Nemelex Xobeh
Okawaru
Qazlal
Ru
Sif Muna
Trog
Uskayaw
Vehumet
Wu Jian
Xom
Yredelemnul
Zin
The Shining One
Jiyva

Shops:
D:1 (

Annotations:
D:5 1 runed translucent door, Crazy Yiuf


Innate Abilities, Weirdness & Mutations

You are resistant to damage.
You can heal yourself by infusing magical energy.
You passively map the area around you.
You do not regenerate.


Message History

You slash the yak!
The yak is moderately wounded.
The yak gores you!
* * * LOW HITPOINT WARNING * * *
You completely miss the yak. You slash the yak!
The yak is moderately wounded.
The yak gores you.
* * * LOW HITPOINT WARNING * * *
You slash the yak!
The yak is severely wounded.
You hit the yak but do no damage. The yak closely misses you.
The yak gores you!
* * * LOW HITPOINT WARNING * * *
You slice the yak!!
You kill the yak!
You barely miss the yak. The yak gores you!
* * * LOW HITPOINT WARNING * * *
Your Fighting skill increases to level 8!
You slash the yak!
The yak is severely wounded.
You hit the yak. The yak gores you. The yak gores you but does no damage.
Unknown command.
There is an open door here.
You hit the yak but do no damage.
The yak is lightly wounded.
You closely miss the yak. You slash the yak! The yak gores you!
* * * LOW HITPOINT WARNING * * *
You slash the yak!
The yak is almost dead.
You slash the yak! You barely miss the yak. The yak barely misses you.
The yak gores you but does no damage. The yak gores you.
You slash the yak!
You kill the yak!
You hit the yak. x2; The yak gores you but does no damage.
The yak barely misses you. The yak gores you.
* * * LOW HITPOINT WARNING * * *
The yak gores you.
You die...

* ** # #.# #.# #######... *
###. #.# #.# #......... ,
,,....##.###.#######.........
.................+........# , *
####......#######........#
#######..###.#######........#
.............................
..#######..###.############..##
...........###@### ####..#
.###......##Y.Y.#######.###.# *
#.Y.#####.......)..#.#..<##
...........#
#..........#.#....#
#......Y##+#
#..........#.#....# .....##..
#..........'......# ,..... ...
#....≈.....#.#..... .... ###..
#..........#.#...#. ,... *## *
#....>.....#.#...#.


You could see 2 yaks.

Vanquished Creatures
  Pikel (D:5)
  A hornet (D:8)
  2 trolls
  5 slime creatures (D:7)
  Sigmund (D:6)
  8 yaks (D:8)
  A water moccasin (D:7)
  2 ice beasts
  2 sky beasts (D:7)
  2 orc warriors
  A black bear (D:7)
  A hornet zombie (D:8)
  2 necrophages
  2 ogres
  A centaur (D:6)
  2 lemures (D:5)
  2 kobold brigands
  A gnoll sergeant (D:6)
  3 bullfrogs
  A wyvern zombie (D:7)
  2 killer bees (D:7)
  5 wights (D:7)
  A howler monkey (D:5)
  2 centaur zombies
  2 bullfrog zombies
  2 gnoll shamans
  4 jellies (D:7)
  A bullfrog skeleton (D:4)
  6 hounds
  2 orc priests
  Ijyb (D:5)
  3 iguanas
  5 orc wizards
  A hound zombie (D:5)
  Robin (D:3)
  7 gnolls
  3 howler monkey skeletons
  4 adders
  A shadow imp (D:5)
  A white imp (D:7)
  3 ufetubi
  2 dart slugs
  29 orcs
  13 ball pythons
  9 endoplasms
  4 giant cockroaches
  23 goblins
  10 hobgoblins
  4 jackals (D:5)
  9 kobolds
  2 quokkas (D:1)
  6 bats
  9 frilled lizards
  5 rats
223 creatures vanquished.

Vanquished Creatures (collateral kills)
  An orc (D:5)
1 creature vanquished.

Vanquished Creatures (others)
  15 plants
15 creatures vanquished.

Grand Total: 239 creatures vanquished

Notes
Turn   | Place    | Note
-------+----------+-------------------------------------------
     0 | D:1      | Strat the Deep Dwarf Fighter began the quest for the Orb.
     0 | D:1      | Reached XP level 1. HP: 20/20 MP: 1/1
   100 | D:1      | Reached XP level 2. HP: 27/27 MP: 2/2
   229 | D:1      | Found Dokip's Weapon Shop.
   269 | D:1      | Reached skill level 3 in Axes
   372 | D:1      | Found a faded altar of an unknown god.
   466 | D:1      | Reached XP level 3. HP: 13/34 MP: 3/3
   662 | D:2      | You fall into a shaft and drop 2 floors!
   709 | D:4      | Noticed a necrophage
   764 | D:3      | Killed a necrophage
   765 | D:3      | Reached skill level 4 in Axes
   765 | D:3      | Reached XP level 4. HP: 32/42 MP: 4/4
   898 | D:4      | Reached XP level 5. HP: 35/49 MP: 5/5
   915 | D:4      | Found an opulent altar of Gozag.
   999 | D:4      | You fall into a shaft and drop 1 floor!
   999 | D:5      | Entered Level 5 of the Dungeon
  1023 | D:5      | Noticed Pikel
  1023 | D:5      | Noticed a lemure
  1097 | D:4      | Reached skill level 5 in Axes
  1153 | D:4      | Found a staircase to the Ecumenical Temple.
  1162 | Temple   | Entered the Ecumenical Temple
  1278 | D:4      | Reached XP level 6. HP: 31/57 MP: 6/6
  1450 | D:4      | Found a blossoming altar of Fedhas.
  1867 | D:3      | Noticed Robin
  1906 | D:3      | Killed Robin
  2046 | D:3      | Reached skill level 5 in Armour
  2227 | D:3      | Reached skill level 6 in Axes
  2560 | D:3      | Reached XP level 7. HP: 46/64 MP: 7/7
  3010 | D:5      | Found a shadowy altar of Dithmenos.
  3054 | D:5      | Noticed Ijyb
  3094 | D:5      | Killed Pikel
  3095 | D:5      | Reached skill level 5 in Fighting
  3095 | D:5      | Reached skill level 7 in Axes
  3095 | D:5      | Reached XP level 8. HP: 59/74 MP: 8/8
  3097 | D:5      | Killed Ijyb
  3234 | D:5      | Found a runed translucent door.
  3235 | D:5      | Noticed Crazy Yiuf
  3612 | D:5      | Found a hazy altar of Hepliaklqana.
  4012 | D:6      | Noticed Sigmund
  4018 | D:6      | Killed Sigmund
  4019 | D:6      | Reached skill level 8 in Axes
  4026 | D:6      | Noticed a troll
  4134 | D:7      | Found a hide-covered altar of Uskayaw.
  4234 | D:6      | Killed a troll
  4235 | D:6      | Reached skill level 9 in Axes
  4306 | D:6      | Gained mutation: You passively map the area around you.
                  | [Deep Dwarf growth]
  4306 | D:6      | Reached XP level 9. HP: 64/82 MP: 9/9
  5061 | D:7      | Reached skill level 10 in Axes
  5182 | D:7      | Found a basalt altar of Yredelemnul.
  5487 | D:7      | Reached skill level 11 in Axes
  5493 | D:7      | Reached XP level 10. HP: 49/94 MP: 5/5
  5669 | D:7      | Found a radiant altar of Vehumet.
  5877 | D:8      | Reached skill level 12 in Axes
  5965 | D:8      | Found a white marble altar of Elyvilon.
  5965 | D:8      | Found a broken altar of Ashenzari.
  6161 | D:8      | HP: 2/96 [yak (8)]
  6164 | D:8      | Slain by a yak

Illustrated notes

Levels and vault maps discovered:
D:1:      minmay_arrival_radiant_lines, layout_rooms, serial_shops, shop,
          shapermc_ecumenical_altar_mp_ritualfount, minmay_shallow_snake_nest
D:2:      layout_rooms
D:3:      layout_basic, serial_glass, glass_columns_c, glass_columns_a,
          feat_on_display, item_on_display_a, minmay_strange_pillars,
          minmay_goblin_outpost, uniq_robin
D:4:      minmay_angry_zag, layout_loops_corners, mainiacjoe_overflow_boulevard,
          lemuel_doored_altar, minmay_temple_entry_slanted
D:5:      layout_gridville, nicolae_dithmenos_the_darkroom,
          nicolae_overflow_hidden_temple, minivault_24, lexackson_kobold_supper,
          uniq_pikel, uniq_ijyb, uniq_crazy_yiuf_cottage
D:6:      layout_loops_ring, uniq_sigmund
D:7:      layout_rooms, mainiacjoe_overflow_paths,
          lemuel_coloured_pillars_altar, overflow_temple_1_default,
          enter_ossuary_1, minmay_joined_circles
D:8:      layout_basic, mainiacjoe_overflow_large_starburst, erik_lair_island
Temple:   pf_slimified_temple

Skill      XL: |  1  2  3  4  5  6  7  8  9 10 |
---------------+-------------------------------+-----
Axes           | 3 4 5 6 7 9 11 12 | 12.5
Fighting       | 3 4 5 6 7 8 |  8.0
Armour         | 4 5 6 7 8 9 |  9.5
Shields        | |  3.2

Action                   |  1- 3 |  4- 6 |  7- 9 | 10-12 || total
-------------------------+-------+-------+-------+-------++-------
Melee: War axe           |   103 |   212 |   259 |       ||   574
       Battleaxe         |       |       |    77 |   159 ||   236
Throw: Stone             |    31 |       |       |       ||    31
 Abil: Heal Wounds       |     1 |     2 |    20 |     8 ||    31
Evoke: Wand              |       |       |    13 |       ||    13
  Use: Scroll            |       |     1 |     5 |       ||     6
Armor: Scale mail        |    24 |       |       |       ||    24
       Chain mail        |    53 |   167 |   249 |       ||   469
       Plate armour      |       |       |       |   116 ||   116
Dodge: Dodged            |    37 |    48 |   107 |    67 ||   259
Block: Kite shield       |    76 |   133 |   138 |       ||   347
